 Dungeon Crawl Stone Soup version 0.28.0 (webtiles) character file.

Game seed: 14222723987920310326

21 PoweredByGinger the Chopper (level 2, 0/23 (25) HPs)
             Began as a Minotaur Gladiator on Feb 7, 2022.
             Slain by a kobold (6 damage)
             ... on level 1 of the Dungeon.
             The game lasted 00:00:21 (602 turns).

PoweredByGinger the Chopper (Minotaur Gladiator)     Turns: 602, Time: 00:00:22

HP:   0/23 (25)     AC:  3    Str: 18    XL:     2   Next: 62%
MP:   1/1           EV: 12    Int:  5    God:
Gold: 0             SH:  0    Dex: 11    Spells: 1/1 levels left

rFire   . . .      SeeInvis .   a - +0 war axe
rCold   . . .      Faith    .   (no shield)
rNeg    . . .      Spirit   .   b - +0 leather armour
rPois   .          Reflect  .   c - +0 hat
rElec   .          Harm     .   (no cloak)
rCorr   .          Rampage  .   (no gloves)
Will    .....                   (no boots)
Stlth   +.........              (no amulet)
HPRegen 0.07/turn               (no ring)
MPRegen 0.07/turn               (no ring)

@: drained
A: horns 2, retaliatory headbutt
a: no special abilities


You were on level 1 of the Dungeon.
You visited 1 branch of the dungeon, and saw 1 of its levels.

Inventory:

Hand Weapons
 a - a +0 war axe (weapon)
Missiles
 d - 3 throwing nets (quivered)
Armour
 b - a +0 leather armour (worn)
 c - a +0 hat (worn)
Scrolls
 e - a scroll of identify {unknown}


   Skills:
 - Level 2.4 Fighting
 + Level 4.8 Axes
 - Level 2.0 Throwing
 - Level 3.2 Dodging


You had one spell level left.
You didn't know any spells.
Your spell library contained the following spells:

 Spells                   Type           Power      Damage    Failure   Level
 Beastly Appendage        Tmut           0%         N/A       54%         1
 Wereblood                Tmut           0%         N/A       67%         2
 Spider Form              Tmut/Pois      0%         N/A       88%         3


Dungeon Overview and Level Annotations

Branches:
Dungeon (1/15)

Altars:


Innate Abilities, Weirdness & Mutations

You have a pair of horns on your head.
You reflexively headbutt those who attack you in melee.


Message History

No target in view!
No target in view!
A bat comes into view.
A bat is nearby!
The bat barely misses you.
A bat is nearby!
You slash the bat!
You kill the bat!
You see here a bat corpse.
Key pressed, stopping explore.
No target in view!
No target in view!
No target in view!
There is a stone staircase leading down here.
A kobold comes into view.
It is wielding a +4 short sword of draining.
The kobold shouts!
A kobold is nearby!
A kobold is nearby!
A kobold is nearby!
You barely miss the kobold. Your headbutt misses the kobold.
The kobold hits you with a +4 short sword of draining!
You feel drained. The kobold barely misses you. You furiously retaliate!
You headbutt the kobold, but do no damage.
A kobold is nearby!
You hit the kobold. Your headbutt misses the kobold.
The kobold is heavily wounded.
The kobold misses you.
You closely miss the kobold.
The kobold is heavily wounded.
The kobold hits you with a +4 short sword of draining!
* * * LOW HITPOINT WARNING * * *
You feel drained.
* * * LOW HITPOINT WARNING * * *
You are too injured to fight recklessly!
You are too injured to fight recklessly!
A kobold is nearby!
You hit the kobold.
The kobold is severely wounded.
The kobold hits you with a +4 short sword of draining.
You die...

.....##.#.............####.######
...>.##.........###...# #.#
.....####..###.## #...# #.# #####
#..# #.#####..# #.# #### ###.#
#..####.# #8###8#.# #.......#
........# ##.####.# .......K# #.#
#.# .......@####.# ###
#8###8#......# #######.####.#
........####.# .######......#
#.######.###### #........#
##########


You could see a kobold.

Vanquished Creatures
  A dart slug (D:1)
  3 endoplasms (D:1)
  A hobgoblin (D:1)
  4 jackals (D:1)
  A quokka (D:1)
  3 bats (D:1)
  A frilled lizard (D:1)
  2 kobolds (D:1)
16 creatures vanquished.

Notes
Turn   | Place    | Note
-------+----------+-------------------------------------------
     0 | D:1      | PoweredByGinger the Minotaur Gladiator began the quest for
                  | the Orb.
     0 | D:1      | Reached XP level 1. HP: 18/18 MP: 0/0
    87 | D:1      | Reached skill level 4 in Axes
   169 | D:1      | Reached XP level 2. HP: 19/25 MP: 1/1
   602 | D:1      | Slain by a kobold

Illustrated notes

Levels and vault maps discovered:
D:1:      dpeg_arrival_circle_labyrinth_c, layout_basic, serial_corexii_hall,
          corexii_hall_statues_l, corexii_hall_statues_deadend

Skill      XL: |  1 |
---------------+----+-----
Axes           | 4 |  4.8
Fighting       | |  2.4
Throwing       | |  2.0
Dodging        | |  3.2

Action                   || total
-------------------------++-------
Melee: War axe           ||    28
       Headbutt          ||     3
Armor: Leather armour    ||    10
Dodge: Dodged            ||    19
